 Dungeon Crawl Stone Soup version 0.31-a0-949-g57150269e1 (webtiles) character file.

Game seed: 10732987745861946040

368 Ekaitz the Firebug (level 6, -1/44 HPs)
             Began as a Demonspawn Fire Elementalist on Oct 22, 2023.
             Was a Follower of Sif Muna.
             Slain by a gnoll
             ... wielding a +1 flail of holy wrath
             ... led by a gnoll bouda
              (9 damage)
             ... on level 4 of the Dungeon.
             The game lasted 00:08:36 (3748 turns).

Ekaitz the Firebug (Demonspawn Fire Elementalist)   Turns: 3748, Time: 00:08:37

Health: -1/44      AC:  2    Str:  9    XL:     6   Next: 41%
Magic:  6/10       EV: 14    Int: 18    God:    Sif Muna [*.....]
Gold:   125        SH:  0    Dex: 13    Spells: 0/10 levels left

rFire   . . .        q - +1 trident (venom)
rCold   . . .        (no shield)
rNeg    . . .        a - +0 robe
rPois   .            (helmet restricted)
rElec   .            (no cloak)
rCorr   .            (no gloves)
SInv    .            (no boots)
Will    .....        (no amulet)
Stlth   ++           (no ring)
HPRegen 0.27/turn    (no ring)
MPRegen 0.12/turn

%: no passive effects
@: no status effects
A: horns 1, repulsion field 1, demonic guardian 1
a: Renounce Religion, Channel Magic


You were on level 4 of the Dungeon.
You worshipped Sif Muna.
Sif Muna was aware of your devotion.
You visited 2 branches of the dungeon, and saw 5 of its levels.

You collected 125 gold pieces.

Inventory:

Hand Weapons
 d - a +0 dagger
 n - a +0 longbow
 q - a +1 trident of venom (weapon)
Missiles
 s - 6 poisoned darts
Armour
 a - a +0 robe (worn)
Scrolls
 c - a scroll of enchant armour {unknown}
 e - a scroll of acquirement {unknown}
 f - 3 scrolls of identify {unknown}
 i - 2 scrolls of summoning {unknown}
 k - a scroll of revelation {unknown}
 o - a scroll of poison {unknown}
 p - a scroll of noise {unknown}
 r - a scroll of amnesia {unknown}
Potions
 b - 2 potions of magic
 g - 2 potions of enlightenment {unknown}
 h - 3 potions of heal wounds {unknown}
 j - 2 potions of lignification {unknown}
 l - a potion of mutation {unknown}
 m - a potion of curing {unknown}


   Skills:
 * Level 2.0 Fighting
 + Level 0.2 Short Blades
 * Level 2.1 Dodging
 + Level 2.3 Stealth
 + Level 2.7 Spellcasting
 + Level 1.8 Conjurations
 * Level 1.5 Hexes
 * Level 1.4 Necromancy
 * Level 1.0 Translocations
 * Level 4.2 Fire Magic
 * Level 1.2 Air Magic
 * Level 0.6 Invocations


You couldn't memorise any spells.
You knew the following spells:

 Your Spells              Type           Power      Damage    Failure   Level
a - Foxfire               Conj/Fire      52%        2x1d6     4%          1
b - Scorch                Fire           34%        2d6       4%          2
c - Volatile Blastmotes   Fire/Tloc      22%        2d11      17%         3
h - Shock                 Conj/Air       32%        1d5       9%          1
i - Inner Flame           Hex/Fire       12%        N/A       16%         3

Your spell library contained the following spells:

 Spells                   Type           Power      Damage    Failure   Level
 Kiss of Death            Conj/Necr      32%        2d7       9%          1
 Confusing Touch          Hex            7%         N/A       26%         3
 Swiftness                Air            7%         N/A       30%         3
 Flame Wave               Conj/Fire      13%        2d6       43%         4
 Dispel Undead            Necr           7%         3d8       65%         4
 Airstrike                Air            3%         2d(1-17)  69%         4


Dungeon Overview and Level Annotations

Branches:
Dungeon (4/15)             Temple (1/1) D:4

Altars:
Ashenzari
Gozag
Hepliaklqana
Kikubaaqudgha
Makhleb
Nemelex Xobeh
Okawaru
Ru
Sif Muna
Trog
Uskayaw
Vehumet
Xom

Shops:
D:4 (==


Innate Abilities, Weirdness & Mutations

You have a pair of small horns on your head.
You are surrounded by a mild repulsion field. (EV +2)
A weak demonic guardian rushes to your aid.


Message History

The gnoll bouda closely misses you. The orc barely misses you.
The gnoll hits you from afar with a +0 spear.
Reach: q) +1 trident (venom)
Press: ? - help, Dir - move target, f/p - gnoll
Aim: a gnoll, wielding a +0 spear (inner flame, covering ground quickly, about 40% to evade your +1 trident of venom)
You reach to attack!
You hit the gnoll.
Flame seeps out of the gnoll.
The gnoll is poisoned.
The gnoll is lightly wounded.
The gnoll bouda calls upon its god to heal the gnoll.
The gnoll's wounds heal themselves!
The orc hits you with a +0 club.
The gnoll is engulfed in blazing flames.
Sif Muna accepts your kill.
You can now call upon Sif Muna for magical energy.
The gnoll explodes!
The fiery explosion engulfs the orc!!
You kill the orc!
Sif Muna accepts your kill.
The fiery explosion engulfs the gnoll!
You kill the gnoll!
Sif Muna accepts your kill.
The fiery explosion engulfs the gnoll bouda!!
You kill the gnoll bouda!
Sif Muna accepts your kill. The gnoll closely misses you.
Your Fighting skill increases to level 2!
Your Translocations skill increases to level 1!
Unknown command.
You hit the gnoll.
The gnoll is poisoned.
You headbutt the gnoll.
The gnoll is heavily wounded.
The gnoll closely misses you.
Unknown command.
You barely miss the gnoll. You headbutt the gnoll.
The gnoll is lightly wounded.
The gnoll closely misses you. x2
The orc priest invokes the aid of Beogh against you.
Beogh smites you!
The gnoll hits you with a +1 flail of holy wrath!
* * * LOW HITPOINT WARNING * * *
A demonic guardian appears!
You convulse!
You die...

........[.............)
..##...#.....#...... #
#.##.###..>..###).). ..
#.#....#.....#...... ...
#...............#... ..$.
##.......###....#### .....
##........#.........
......##§§gg.....#..#######
.....go§°§@.........# #
......####..........#####
..o.. #.5######......###
.... #..... #....#...#


.gg #......##.#...##.# g. #..........###.).. g .. #......##.##∩###.# #.
#......##.##'# #<. #. ##.##.####. You could see an orc priest, 3 gnolls and a
friendly quasit (summoned).

Vanquished Creatures
  A scorpion (D:3)
  A jelly (D:4)
  A gnoll bouda (D:4)
  2 iguanas
  9 gnolls (D:4)
  2 adders (D:4)
  A white imp (D:3)
  A worm (D:2)
  4 dart slugs
  2 orcs (D:4)
  4 endoplasms
  A giant cockroach (D:1)
  8 hobgoblins
  9 jackals
  3 quokkas
  7 ball pythons
  3 bats
  2 frilled lizards
  6 goblins
  6 kobolds
  6 rats
79 creatures vanquished.

Vanquished Creatures (collateral kills)
  5 foxfires (D:2)
5 creatures vanquished.

Vanquished Creatures (others)
  152 foxfires
152 creatures vanquished.

Grand Total: 236 creatures vanquished

Notes
Turn   | Place    | Note
-------+----------+-------------------------------------------
     0 | D:1      | Ekaitz the Demonspawn Fire Elementalist began the quest for
                  | the Orb.
     0 | D:1      | Reached XP level 1. HP: 13/13 MP: 3/3
   255 | D:1      | Reached skill level 3 in Fire Magic
   255 | D:1      | Gained mutation: You have a pair of small horns on your
                  | head. [demonic ancestry]
   255 | D:1      | Reached XP level 2. HP: 20/20 MP: 1/5
   258 | D:1      | Learned a level 2 spell: Scorch
   349 | D:1      | Reached skill level 1 in Fighting
   881 | D:2      | Found a faded altar of an unknown god.
   908 | D:2      | Reached XP level 3. HP: 17/26 MP: 1/6
  1773 | D:2      | Found a shimmering altar of Xom.
  2210 | D:3      | Found a broken altar of Ashenzari.
  2219 | D:3      | Learned a level 3 spell: Volatile Blastmotes
  2582 | D:3      | Reached XP level 4. HP: 13/32 MP: 0/7
  2776 | D:3      | Learned a level 1 spell: Shock
  2815 | D:3      | Noticed a scorpion
  2827 | D:3      | Killed a scorpion
  2828 | D:3      | Reached skill level 1 in Hexes
  2828 | D:3      | Gained mutation: You are surrounded by a mild repulsion
                  | field. (EV +2) [demonic ancestry]
  2828 | D:3      | Reached XP level 5. HP: 32/37 MP: 1/8
  2898 | D:3      | Found a shimmering blue altar of Sif Muna.
  2908 | D:3      | Became a worshipper of Sif Muna the Loreminder
  3052 | D:4      | Found Liumyom's Weapon Boutique.
  3092 | D:4      | Found Sioh's Jewellery Shoppe.
  3242 | D:4      | Reached skill level 1 in Necromancy
  3372 | D:4      | Found a staircase to the Ecumenical Temple.
  3415 | D:4      | Found Zokoedgh's Jewellery Shop.
  3587 | D:4      | Reached skill level 1 in Air Magic
  3603 | D:4      | Reached skill level 4 in Fire Magic
  3603 | D:4      | Gained mutation: A weak demonic guardian rushes to your
                  | aid. [demonic ancestry]
  3603 | D:4      | Reached XP level 6. HP: 35/44 MP: 1/9
  3635 | D:4      | Learned a level 3 spell: Inner Flame
  3717 | Temple   | Entered the Ecumenical Temple
  3746 | D:4      | Reached * piety under Sif Muna
  3747 | D:4      | Reached skill level 1 in Translocations
  3748 | D:4      | Slain by a gnoll

Illustrated notes

Levels and vault maps discovered:
D:1:      dpeg_arrival_chambers_temple_mockup, layout_basic
D:2:      layout_basic, dreamdust_ecumenical_altar_grove, basic_altar,
          minmay_misc_feat_pillars, kennysheep_generic_room_4
D:3:      layout_loops_corners, evilmike_ruin_ashenzari,
          nicolae_sif_muna_condensation
D:4:      layout_rooms, minmay_temple_entry_tees, serial_shops, kennysheep_mini,
          nicolae_shop_window_shopping, nicolae_take_the_stairs,
          nicolae_shop_bloodbath_and_beyond, nicolae_shop_stone
Temple:   chequers_temple_sunken

Skill      XL: |  1  2  3  4  5  6 |
---------------+-------------------+-----
Fire Magic     | 3 4 |  4.2
Fighting       | 1 2 |  2.0
Stealth        | 2 |  2.3
Hexes          | 1 |  1.5
Necromancy     | 1 |  1.4
Dodging        | 2 |  2.1
Air Magic      | 1 |  1.2
Translocations | 1 |  1.0
Short Blades   | |  0.2
Spellcasting   | |  2.7
Conjurations   | |  1.8
Invocations    | |  0.6

Action                     |  1- 3 |  4- 6 || total
---------------------------+-------+-------++-------
  Melee: Dagger            |    37 |    29 ||    66
         Headbutt          |     9 |    13 ||    22
         Trident           |       |     6 ||     6
   Cast: Foxfire           |    53 |    34 ||    87
         Scorch            |     8 |     5 ||    13
         Shock             |       |     5 ||     5
         Volatile Blastmot |       |     1 ||     1
         Inner Flame       |       |     1 ||     1
   Stab: Sleeping          |     6 |     2 ||     8
         Distracted        |       |     1 ||     1
 Armour: Robe              |    24 |    22 ||    46
  Dodge: Dodged            |    27 |    38 ||    65

Table legend: (Time is in decaauts)
 A = Elapsed time spent in this place.
 B = Non-inter-level travel time spent in this place.
 C = Inter-level travel time spent in this place.
 D = Time resting spent in this place.
 E = Time spent auto-exploring this place.
 F = Levels seen in this place.
 G = Mean time per level.
                   A        B        C        D        E       F      G
               +--------+--------+--------+--------+--------+-----+--------+
         Total |   3747 |   3687 |     60 |     11 |   3119 |   5 |  749.4 |
       Dungeon |   3746 |   3687 |     59 |     11 |   3119 |   4 |  936.5 |
        Temple |      1 |      0 |      1 |      0 |      0 |   1 |    1.0 |
               +--------+--------+--------+--------+--------+-----+--------+

Top non-repeatable levels by time:
     D:3: 1092 daAuts
     D:2: 1077 daAuts
     D:1: 880 daAuts
     D:4: 695 daAuts
  Temple: 1 daAuts
